 Dungeon Crawl Stone Soup version 0.27.1-1-g398f81649c (webtiles) character file.

Game seed: 12622665220177382701

421 szrap the Chopper (level 6, -10/56 HPs)
             Began as a Hill Orc Monk on Sept 19, 2021.
             Was a Believer of Beogh.
             Killed from afar by an orc (14 damage)
             ... with a bolt of acid
             ... on level 5 of the Dungeon on Sept 20, 2021.
             The game lasted 00:09:31 (5936 turns).

szrap the Chopper (Hill Orc Monk)                   Turns: 5936, Time: 00:09:31

Health: -10/56     AC:  9    Str: 16    XL:     6   Next: 94%
Magic:  6/7        EV:  7    Int: 10    God:    Beogh [**....]
Gold:   223        SH:  0    Dex: 13    Spells: 5/5 levels left

rFire    + . .     SeeInvis .   a - +0 hand axe
rCold    . . .     Faith    .   (no shield)
rNeg     . . .     Spirit   .   h - +0 chain mail
rPois    .         Reflect  .   (no helmet)
rElec    .         Harm     .   (no cloak)
rCorr    .         Rampage  .   (no gloves)
Will     .....                  (no boots)
Stlth    ..........             (no amulet)
HPRegen  0.18/turn              k - ring of protection from fire
MPRegen  0.10/turn              (no ring)

@: no status effects
A: no striking features
a: Renounce Religion, Smiting


You were on level 5 of the Dungeon.
You worshipped Beogh.
Beogh was pleased with you.
You visited 1 branch of the dungeon, and saw 5 of its levels.

You collected 223 gold pieces.

Inventory:

Hand Weapons
 a - a +0 hand axe (weapon)
Armour
 h - a +0 chain mail (worn)
Jewellery
 k - a ring of protection from fire (left hand)
 o - an amulet of guardian spirit
Scrolls
 j - 2 scrolls of teleportation
 l - a scroll of torment {unknown}
 m - a scroll of blinking {unknown}
 n - a scroll of noise {unknown}
Potions
 b - a potion of mutation
 c - 2 potions of curing
 d - 2 potions of haste {unknown}
 e - a potion of brilliance {unknown}
 f - a potion of cancellation {unknown}
 g - a potion of lignification
 i - a potion of might {unknown}
 p - a potion of heal wounds {unknown}


   Skills:
 * Level 5.2 Fighting
 + Level 6.2 Axes
 * Level 4.2 Armour
 * Level 3.1 Dodging
 - Level 1.5 Stealth
 * Level 1.4 Invocations


You had 5 spell levels left.
You didn't know any spells.
Your spell library was empty.

Dungeon Overview and Level Annotations

Branches:
Dungeon (5/15)
 Temple: D:4-7

Altars:
Dithmenos
Hepliaklqana

Shops:
D:1 [

Annotations:
D:3 exclusion: downstairs
D:4 Menkaure


Message History

You hit the ice beast.
The ice beast is heavily wounded.
The ice beast hits you. The ice beast freezes you!
You hit the ice beast.
The ice beast is severely wounded.
The ice beast hits you. The ice beast freezes you!
You closely miss the ice beast.
The ice beast is severely wounded.
The ice beast hits you. The ice beast freezes you!
You hit the ice beast.
The ice beast is almost dead.
The ice beast hits you but does no damage.
You hit the ice beast but do no damage.
The ice beast is severely wounded.
The ice beast hits you but does no damage.
You barely miss the ice beast.
The ice beast is severely wounded.
An orc comes into view.
It is wielding a +0 club and carrying a wand of acid (5).
The ice beast hits you but does no damage.
The orc shouts!
You hit the ice beast but do no damage.
The ice beast is severely wounded.
The ice beast hits you but does no damage.
You hit the ice beast.
The ice beast is almost dead.
The ice beast hits you but does no damage.
You barely miss the ice beast.
The ice beast is almost dead.
The ice beast hits you but does no damage.
You barely miss the ice beast.
The ice beast is almost dead.
The ice beast hits you. The ice beast freezes you!
* * * LOW HITPOINT WARNING * * *
You hit the ice beast.
You kill the ice beast!
Beogh accepts your kill.
Your Armour skill increases to level 4!
The orc zaps a wand.
The bolt of acid hits you!
You die...
Beogh appreciates the orc's killing of a heretic priest.

##.#..### #### ...... #..#..#.##
##..# ...... ..
#........###...###.....##.#
#..............##........# #..
#.....##........#....###.### ##..
#..................# ##..... ..#
.........#.........###...# #.#
........###..............## ###..
.........##....#@..o......###.#..
..............##..........##.....
.............#.......[..........
#....###.....#...........#...##.
#... #.....#...........#.).###
..................###..##.
#................## ##).#.
............######.###
...........####.#<.##.


You could see an orc.

Vanquished Creatures
  An ice beast (D:5)
  A bullfrog skeleton (D:5)
  An orc priest (D:4)
  An iguana (D:4)
  A scorpion zombie (D:5)
  An orc wizard (D:4)
  5 gnolls
  3 adders
  2 ufetubi
  2 dart slugs
  18 orcs
  6 endoplasms
  3 giant cockroaches
  5 goblins
  4 hobgoblins
  2 kobolds
  3 quokkas
  8 ball pythons
  17 bats
  A frilled lizard (D:3)
  6 rats
91 creatures vanquished.

Vanquished Creatures (others)
  An adder (D:5)
  2 orcs (D:5)
3 creatures vanquished.

Grand Total: 94 creatures vanquished

Notes
Turn   | Place    | Note
-------+----------+-------------------------------------------
     0 | D:1      | szrap the Hill Orc Monk began the quest for the Orb.
     0 | D:1      | Reached XP level 1. HP: 19/19 MP: 1/1
   217 | D:1      | Reached XP level 2. HP: 27/27 MP: 2/2
   231 | D:1      | Found a faded altar of an unknown god.
   241 | D:1      | Found Gorulum's Armour Shop.
   966 | D:2      | Reached skill level 1 in Armour
  1316 | D:2      | Reached XP level 3. HP: 29/33 MP: 3/3
  1866 | D:3      | Reached skill level 5 in Axes
  2382 | D:3      | Reached XP level 4. HP: 40/40 MP: 4/4
  3683 | D:4      | Reached XP level 5. HP: 24/47 MP: 5/5
  3851 | D:4      | Noticed Menkaure
  4939 | D:4      | Noticed a shadow
  4940 | D:4      | Found a shadowy altar of Dithmenos.
  4941 | D:4      | Found a hazy altar of Hepliaklqana.
  5188 | D:5      | Entered Level 5 of the Dungeon
  5189 | D:5      | Became a worshipper of Beogh the Brigand
  5189 | D:5      | Reached * piety under Beogh
  5189 | D:5      | Reached ** piety under Beogh
  5472 | D:4      | Reached XP level 6. HP: 17/53 MP: 6/6
  5740 | D:5      | Reached skill level 6 in Axes
  5774 | D:5      | Reached skill level 5 in Fighting
  5774 | D:5      | Reached skill level 1 in Invocations
  5895 | D:5      | Noticed an ice beast
  5935 | D:5      | Killed an ice beast
  5936 | D:5      | Killed from afar by an orc

Illustrated notes

Levels and vault maps discovered:
D:1:      lemuel_arrival_lava_pool, layout_basic,
          shapermc_ecumenical_altar_flowoftime, serial_shops, shop_statue
D:2:      layout_basic
D:3:      layout_basic, roderic_batcave, kennysheep_generic_room_13
D:4:      layout_loops_cross, lemuel_mausoleum_altar_kikubaaqudgha,
          riverfiend_overflow_shadow_ancestor, grunt_decor_arrowhead,
          uniq_natasha, uniq_menkaure
D:5:      layout_cave_pools, marbit_many_paths,
          nemelex_xobeh_ov_fountains_minmay, temple_statues

Skill      XL: |  1  2  3  4  5  6 |
---------------+-------------------+-----
Fighting       | 4 5 |  5.2
Armour         | 1 2 3 4 |  4.2
Axes           | 5 6 |  6.2
Dodging        | 3 |  3.1
Invocations    | 1 |  1.4
Stealth        | |  1.5

Action                   |  1- 3 |  4- 6 || total
-------------------------+-------+-------++-------
Melee: Hand axe          |   119 |   268 ||   387
Invok: Convert to Beogh  |       |     1 ||     1
  Use: Scroll            |     5 |       ||     5
 Stab: Sleeping          |     4 |       ||     4
Armor: Robe              |     2 |       ||     2
       Ring mail         |    35 |    13 ||    48
       Chain mail        |       |   126 ||   126
Dodge: Dodged            |    81 |   111 ||   192
